AoeStats
← Sanpie

MegaRandom

508854732Analyzed
3v3 RM · 9d ago on Sep 24, 2026· 60m 18s· 6 players
Game mode
Random Map
Map size
Normal (6 player)
Population
200
Speed
Normal
Resources
Standard
Victory
Conquest
Starting age
Dark Age
Ending age
Imperial Age
RankedLock teamsTeams togetherTeam positionsShared explorationLock speedFull tech treeHidden civsTurbo modeCheats
Victory
Defeat
🇮🇩 Japanese · Indonesia
1088
+13
🇨🇴 Franks · Colombia
1052
+14
🇵🇪 Tatars · Peru
1009
+16
🇨🇳 Goths · China
1020
-15
🇨🇳 Franks · China
1010
-14
🇨🇳 Gurjaras · China
1009
-14
RzBol
11:16 Feudal Age
13:43 Wheelbarrow
12:54 Double-Bit Axe
13:27 Stone Mining
14:17 Loom
16:48 Castle Age
27:19 Hand Cart
27:43 Scale Barding Armor
30:22 Town Watch
31:03 Chain Barding Armor
33:29 Squires
33:46 Town Patrol
33:18 Pikeman
37:14 Imperial Age
35:54 Forging
35:36 Gold Mining
37:11 Bow Saw
37:39 Gold Shaft Mining
37:03 Arson
38:06 Iron Casting
37:31 Scale Mail Armor
38:31 Conscription
37:44 Halberdier
38:27 Cavalier
38:59 Capped Ram
41:22 Plate Barding Armor
41:04 Chain Mail Armor
41:40 Husbandry
42:22 Paladin
44:27 Treadmill Crane
45:48 Chemistry
45:17 Chivalry
47:46 Plate Mail Armor
48:17 Blast Furnace
47:37 Masonry
49:11 Fletching
49:21 Padded Archer Armor
49:53 Architecture
53:50 Bodkin Arrow
54:10 Leather Archer Armor
53:45 Arrowslits
54:21 Ballistics
54:06 Siege Engineers
RaskWarrioR
6:36 Loom
9:18 Feudal Age
10:22 Double-Bit Axe
12:11 Horse Collar
19:58 Castle Age
19:52 Gold Mining
20:40 Wheelbarrow
20:51 Scale Barding Armor
21:32 Husbandry
21:43 Bloodlines
22:10 Chain Barding Armor
23:14 Bow Saw
23:26 Fletching
23:53 Forging
29:54 Iron Casting
29:12 Light Cavalry
34:29 Imperial Age
32:38 Gold Shaft Mining
31:55 Stone Mining
34:58 Heavy Camel Rider
35:05 Elite Steppe Lancer
37:21 Plate Barding Armor
38:32 Blast Furnace
41:16 Heavy Camel Rider
45:00 Hand Cart
44:49 Heavy Plow
46:51 Hussar
48:18 Conscription
48:38 Silk Armor
53:45 Caravan
DekaJe
0:34 Loom
11:12 Feudal Age
17:45 Castle Age
17:24 Double-Bit Axe
18:01 Fletching
24:48 Scale Mail Armor
24:59 Forging
26:31 Chain Mail Armor
29:27 Bodkin Arrow
33:40 Yasama
39:11 Masonry
38:58 Murder Holes
39:46 Guard Tower
46:33 Imperial Age
47:01 Iron Casting
46:50 Ballistics
46:12 Treadmill Crane
46:40 Scale Barding Armor
46:36 Padded Archer Armor
47:14 Horse Collar
48:37 Pikeman
49:18 Squires
49:04 Gambesons
48:39 Man-at-Arms
49:06 Arson
49:23 Bracer
50:49 Caravan
51:16 Halberdier
51:16 Long Swordsman
53:14 Hoardings
53:45 Chemistry
53:03 Leather Archer Armor
54:07 Elite Skirmisher
54:29 Elite Samurai
55:26 Crossbowman
56:12 Thumb Ring
58:49 Bow Saw
59:50 Plate Mail Armor
Sanpie
5:54 Loom
9:30 Feudal Age
10:22 Double-Bit Axe
15:49 Castle Age
18:39 Horse Collar
19:12 Bow Saw
25:12 Bloodlines
31:14 Kshatriyas
38:15 Wheelbarrow
40:35 Hand Cart
46:11 Imperial Age
43:57 Scale Barding Armor
44:03 Forging
45:10 Light Cavalry
45:50 Husbandry
46:29 Iron Casting
46:47 Caravan
47:35 Heavy Camel Rider
49:17 Heavy Plow
51:49 Chain Barding Armor
55:27 Crop Rotation
57:40 Hussar
59:47 Plate Barding Armor
这我不是乱杀
10:20 Feudal Age
12:23 Loom
15:25 Castle Age
13:39 Double-Bit Axe
16:22 Wheelbarrow
20:25 Hand Cart
24:20 Forging
24:46 Scale Barding Armor
24:42 Gold Mining
25:39 Stone Mining
30:41 Chain Barding Armor
34:26 Imperial Age
32:18 Husbandry
31:44 Ordonnance Companies
32:23 Fletching
32:52 Bow Saw
34:06 Iron Casting
34:52 Bodkin Arrow
34:42 Cavalier
36:57 Heavy Mounted Crossbowman
38:42 Cranequins
40:48 Ballistics
41:14 Padded Archer Armor
43:28 Blast Furnace
42:45 Leather Archer Armor
44:01 Plate Barding Armor
42:58 Paladin
44:48 Gold Shaft Mining
45:24 Caravan
50:44 Chemistry
压根不让我睡觉
10:32 Feudal Age
11:15 Horse Collar
11:22 Double-Bit Axe
12:34 Gold Mining
14:21 Loom
16:52 Castle Age
16:06 Stone Mining
18:00 Wheelbarrow
18:59 Heavy Plow
21:25 Hand Cart
22:35 Bow Saw
23:11 Hand Cart
23:47 Man-at-Arms
26:54 Fletching
33:35 Murder Holes
33:42 Long Swordsman
36:33 Forging
36:24 Scale Mail Armor
38:34 Scale Mail Armor
41:57 Chain Mail Armor
45:04 Imperial Age
43:43 Iron Casting
46:43 Pikeman
56:35 Halberdier
59:59 Two-Handed Swordsman
Connection lost

Rejoining the realm…

Still unreachable

The connection could not be restored.

Session expired

The server has moved on; the page needs a fresh start.